 Dungeon Crawl Stone Soup version 0.23-a0-126-g19e28b46dc (webtiles) character file.

126 Leshke the Vexing (level 4, -2/21 HPs)
             Began as a Spriggan Enchanter on Aug 26, 2018.
             Slain by a gnoll
             ... wielding a +0 flail
              (8 damage)
             ... on level 3 of the Dungeon.
             The game lasted 00:07:20 (3314 turns).

Leshke the Vexing (Spriggan Enchanter)              Turns: 3314, Time: 00:07:21

Health: -2/21      AC:  3    Str:  4    XL:     4   Next: 83%
Magic:  2/11       EV: 18    Int: 17    God:
Gold:   65         SH:  0    Dex: 16    Spells: 3/12 levels left

rFire    . . .     SeeInvis +   l - -2 dagger (curse)
rCold    . . .     Gourm    .   (shield restricted)
rNeg     . . .     Faith    .   b - +1 robe
rPois    .         Spirit   .   (helmet restricted)
rElec    .         Reflect  .   (no cloak)
rCorr    +         Harm     .   (gloves unavailable)
MR       .....                  (boots unavailable)
Stlth    +++.......             (no amulet)
HPRegen  0.07/turn              f - ring of resist corrosion
MPRegen  0.12/turn              g - ring of flight

@: very slightly contaminated, very quick
A: very small, unfitting armour, see invisible, herbivore, speed 3, slow
metabolism 2
a: Evoke Flight


You were on level 3 of the Dungeon.
You were not hungry.

You visited 1 branch of the dungeon, and saw 3 of its levels.

You collected 65 gold pieces.

Inventory:

Hand Weapons
 a - a +2 dagger
 l - a cursed -2 dagger (weapon)
Armour
 b - a +1 robe (worn)
Jewellery
 f - a ring of resist corrosion (left hand)
 g - a ring of flight (right hand)
Scrolls
 j - a scroll of amnesia
Potions
 c - a potion of degeneration {unknown}
 e - a potion of magic
 h - 2 potions of heal wounds {unknown}
 i - a potion of invisibility {unknown}
 k - a potion of curing {unknown}
Comestibles
 d - 3 rations


   Skills:
 - Level 1.1 Short Blades
 - Level 3.0 Dodging
 - Level 4.4 Stealth
 + Level 4.8 Spellcasting
 + Level 5.4 Hexes


You had 3 spell levels left.
You knew the following spells:

 Your Spells              Type           Power        Failure   Level  Hunger
a - Ensorcelled Hibernat  Hex/Ice        ##....       7%          2    #......
b - Corona                Hex            ###....      1%          1    None
c - Confuse               Hex            ###.....     4%          3    ###....
d - Tukima's Dance        Hex            ###.....     4%          3    ###....

Your spell library contained the following spells:

 Spells                   Type           Power        Failure   Level  Hunger
 Dazzling Spray           Conj/Hex       ##....       14%         3    ###....


Dungeon Overview and Level Annotations

Branches:
Dungeon (3/15)

Altars:
Vehumet


Innate Abilities, Weirdness & Mutations

You are very small and have problems with some larger weapons.
You are too small for most types of armour.
You have supernaturally acute eyesight. (SInv)
You are a herbivore.
You cover ground extremely quickly.
You need to consume almost no food.


Message History

You hit the gnoll but do no damage.
The gnoll is lightly wounded.
The gnoll closely misses you.
You closely miss the gnoll.
The gnoll is lightly wounded.
The gnoll hits you with a flail!
* * * LOW HITPOINT WARNING * * *
You are too injured to fight recklessly!
You are too injured to fight recklessly!
You are too injured to fight recklessly!
You are too injured to fight recklessly!
You are too injured to fight recklessly!
Casting: Ensorcelled Hibernation (safe; 7% risk of failure)
Confirm with . or Enter, or press ? or * to list all spells.
Aiming: Ensorcelled Hibernation (safe; 7% risk of failure)
Press: ? - help, Shift-Dir - straight line, f/p - gnoll
Aim: a gnoll, wielding a flail (lightly wounded, chance to defeat MR: 52%)
The gnoll resists with significant effort.
The gnoll hits you with a flail!
You die...

#
################.#..
#<....##...........#
#####.##.###.......#
#.##.#)@...#####
#.##.#g#..##
#.##.#K#.##
#.##.#.###
########.##.#.
............#.
.#######.##### #.#
#(#


You could see a gnoll and a kobold.

Vanquished Creatures
  3 gnolls (D:3)
  2 adders
  3 worms (D:2)
  6 dart slugs
  A leopard gecko (D:1)
  2 bats (D:1)
  5 giant cockroaches (D:2)
  6 hobgoblins
  6 jackals
  4 kobolds
  2 quokkas (D:2)
  A frilled lizard (D:2)
  4 goblins
  11 rats
56 creatures vanquished.

Notes
Turn   | Place    | Note
-------+----------+-------------------------------------------
     0 | D:1      | Leshke the Spriggan Enchanter began the quest for the Orb.
     0 | D:1      | Reached XP level 1. HP: 9/9 MP: 5/5
   639 | D:1      | Reached skill level 4 in Hexes
   639 | D:1      | Reached XP level 2. HP: 13/13 MP: 5/7
   643 | D:1      | Learned a level 2 spell: Ensorcelled Hibernation
  1482 | D:1      | Reached XP level 3. HP: 14/16 MP: 7/9
  1508 | D:1      | Learned a level 3 spell: Confuse
  1512 | D:1      | Learned a level 3 spell: Tukima's Dance
  2335 | D:2      | Found a radiant altar of Vehumet.
  2533 | D:2      | Reached XP level 4. HP: 18/21 MP: 11/11
  2576 | D:2      | Reached skill level 5 in Hexes
  3314 | D:3      | Slain by a gnoll

Vault maps used:
D:1:      tarquinn_simple_flora_water_a, nrook_mini_vaults, st_stairs_5
D:2:      old_standard_altar, first_ration
D:3:      marbit_many_paths, chequers_temple_overflow_minitemple

Skill      XL: |  1  2  3  4 |
---------------+-------------+-----
Spellcasting   | 3 4 |  4.8
Hexes          | 4 5 |  5.4
Short Blades   | |  1.1
Dodging        | |  3.0
Stealth        | |  4.4

Action                   |  1- 3 |  4- 6 || total
-------------------------+-------+-------++-------
Melee: Dagger            |   193 |    66 ||   259
 Cast: Corona            |     4 |       ||     4
       Ensorcelled Hiber |    14 |    10 ||    24
       Confuse           |       |     1 ||     1
  Use: Scroll            |     5 |       ||     5
 Stab: Sleeping          |    15 |     7 ||    22
       Distracted        |     1 |       ||     1
       Confused          |       |     1 ||     1
  Eat: Ration            |       |     1 ||     1
Armor: Robe              |    19 |     3 ||    22
Dodge: Dodged            |   167 |    56 ||   223

Table legend:
 A = Non-vault XP
 B = Vault XP
 C = Vault XP percentage of total XP
 D = Non-vault monster count
 E = Vault monster count
 F = Vault count percentage of total count
                 A         B        C        D         E       F
            +---------+---------+-------+---------+---------+-------
      Total |     177 |       3 |   1.7 |      54 |       2 |   3.6
            +---------+---------+-------+---------+---------+-------
        D:1 |      46 |       3 |   6.1 |      23 |       2 |   8.0
        D:2 |      74 |       0 |   0.0 |      27 |       0 |   0.0
        D:3 |      57 |       0 |   0.0 |       4 |       0 |   0.0
            +---------+---------+-------+---------+---------+-------
